 Dungeon Crawl Stone Soup version 0.30.1 (webtiles) character file.

Game seed: 10113635242666510160

889 Graphine the Nimble (level 8, -2/63 (65) HPs)
             Began as a Merfolk Gladiator on July 1, 2023.
             Was a Follower of Zin.
             Engulfed by a cloud of freezing vapour (11 damage)
             ... on level 5 of the Dungeon on July 2, 2023.
             The game lasted 00:16:22 (4721 turns).

Graphine the Nimble (Merfolk Gladiator)             Turns: 4721, Time: 00:16:23

HP:   -2/63 (65)    AC:  6    Str: 15    XL:     8   Next: 6%
MP:   8/8           EV: 16    Int:  7    God:    Zin [*.....]
Gold: 109           SH:  0    Dex: 17    Spells: 7/7 levels left

rFire   . . .        a - +0 long sword
rCold   + . .        (no shield)
rNeg    . . .        q - +1 leather armour {rC+}
rPois   .            c - +0 helmet
rElec   .            (no cloak)
rCorr   .            (no gloves)
SInv    .            p - +0 pair of boots
Will    .....        j - amulet of reflection
Stlth   +            (no ring)
HPRegen 0.30/turn    (no ring)
MPRegen 0.11/turn

%: reflection
@: confused, ambrosia-drunk, studying Fighting, lightly drained
A: (nimble swimmer 2), mertail
a: Renounce Religion, Recite, Donate Gold


You were on level 5 of the Dungeon.
You worshipped Zin.
Zin was aware of your devotion.
You visited 2 branches of the dungeon, and saw 6 of its levels.

You collected 355 gold pieces.
You spent 234 gold pieces at shops.
You donated 12 gold pieces to Zin.

Inventory:

Hand Weapons
 a - a +0 long sword (weapon)
 k - a +0 dagger of holy wrath
 s - a +1 short sword of venom
Missiles
 d - 3 throwing nets (quivered)
 e - a javelin
 n - 2 curare-tipped darts
Armour
 c - a +0 helmet (worn)
 p - a +0 pair of boots (worn)
 q - a +1 leather armour of cold resistance (worn)
Jewellery
 j - an amulet of reflection (around neck)
 v - an amulet of regeneration
Wands
 f - a wand of polymorph (5)
Scrolls
 h - a scroll of fog
 o - a scroll of teleportation
 r - 3 scrolls of amnesia
Potions
 b - a potion of degeneration {unknown}
 g - a potion of lignification
 i - 4 potions of curing
 l - a potion of attraction
 m - 4 potions of ambrosia
 t - a potion of flight {unknown}


   Skills:
 * Level 6.4 Fighting
 * Level 7.3 Long Blades
 - Level 2.0 Throwing
 * Level 8.0 Dodging
 + Level 1.2 Invocations


You had 7 spell levels left.
You didn't know any spells.
Your spell library contained the following spells:

 Spells                   Type           Power      Damage    Failure   Level
 Magic Dart               Conj           0%         1d3       50%         1
 Searing Ray              Conj           0%         2d4       65%         2
 Sublimation of Blood     Necr           0%         N/A       65%         2
 Wereblood                Tmut           0%         N/A       65%         2
 Fulminant Prism          Conj/Hex       0%         3d5       99%         4
 Summon Hydra             Summ           0%         N/A       100%        7


Dungeon Overview and Level Annotations

Branches:
Dungeon (5/15)             Temple (1/1) D:5

Altars:
Ashenzari
Dithmenos
Elyvilon
Fedhas
Gozag
Hepliaklqana
Makhleb
Okawaru
Ru
Sif Muna
Trog
Uskayaw
Vehumet
Xom
Yredelemnul
Zin
The Shining One

Shops:
D:1 *   D:5 *


Innate Abilities, Weirdness & Mutations

((You are very nimble when in or above water. (Stealth+, EV+, Speed+++)))
Your lower body shifts to a powerful aquatic tail in water.


Message History

You slash the orc!
You kill the orc!
No target in view!
Things that are here:
a +2 short sword of draining; a +0 leather armour; an orc corpse
There is a stone staircase leading up here.
There is a stone staircase leading down here.
You pay a tithe of 2 gold.
You now have 109 gold pieces (gained 10).
h - a scroll labelled ROAGHIYSOD
h - 2 scrolls labelled ROAGHIYSOD (gained 1)
Found 7 stones.
Partly explored, can't reach some items.
Partly explored, can't reach some items.
Partly explored, can't reach some items.
There is a staircase to the Ecumenical Temple here.
Okay, then.
You see here a +0 leather armour.
There is a stone staircase leading down here.
As you read the scroll labelled ROAGHIYSOD, it crumbles to dust.
The scroll dissolves into smoke.
It was a scroll of fog.
Unknown command.
You open the door.
There is an open door here.
Really walk into a travel-excluded area?
You are engulfed in freezing vapours.
You resist.
Really walk into a travel-excluded area?
You are engulfed in freezing vapours.
You resist.
You are engulfed in freezing vapours.
You resist.
You are engulfed in freezing vapours.
You resist.
You are engulfed in freezing vapours.
You resist.
You are engulfed in freezing vapours.
You resist.
* * * LOW HITPOINT WARNING * * *
Unknown command.
You start resting.
You are engulfed in freezing vapours.
You resist.
* * * LOW HITPOINT WARNING * * *
You are confused.
You feel invigorated.
You are engulfed in freezing vapours.
You resist.
You die...

..##8...8#.##.....#......#
.####...##.##.....#......#
..................#.######
(...................#
........#..###.....##
................####
#.#.............#####
.#.#...........######
#.#.#..........#@☼☼##
.>.#...........#§#☼##
#.#.#..........#§#☼##
.#.#..##....##.#§#.##
#.#...#.....##.#§#☼##
............##.#§#☼##
.#.#........##.#§#☼##
.#.#...........#§#§##
..........[.#..#☼#.##


There were no monsters in sight!

Vanquished Creatures
  Sigmund (D:3)
  A black bear (D:5)
  An orc warrior (D:5)
  A centaur (D:5)
  2 scorpions (D:4)
  A hound (D:3)
  2 orc priests
  An iguana (D:5)
  An orc wizard (D:4)
  Robin (D:2)
  3 adders
  A shadow imp (D:5)
  An ufetubus (D:5)
  4 worms
  4 dart slugs
  14 orcs
  4 ball pythons
  7 endoplasms
  2 giant cockroaches
  13 goblins
  7 hobgoblins
  15 jackals
  6 quokkas
  9 bats
  4 frilled lizards
  15 kobolds
  6 rats
127 creatures vanquished.

Notes
Turn   | Place    | Note
-------+----------+-------------------------------------------
     0 | D:1      | Graphine the Merfolk Gladiator began the quest for the Orb.
     0 | D:1      | Reached XP level 1. HP: 16/16 MP: 1/1
   248 | D:1      | Reached XP level 2. HP: 23/23 MP: 2/2
   488 | D:1      | Found Xeuces's General Store.
   594 | D:1      | Reached XP level 3. HP: 28/28 MP: 3/3
  1109 | D:1      | Bought a potion of heal wounds for 50 gold pieces
  1221 | D:2      | Reached skill level 5 in Dodging
  1381 | D:2      | Reached XP level 4. HP: 34/34 MP: 4/4
  1522 | D:2      | Noticed Robin
  1550 | D:2      | Killed Robin
  1642 | D:1      | Bought a potion of curing for 30 gold pieces
  1878 | D:2      | Reached skill level 5 in Long Blades
  2002 | D:3      | Reached XP level 5. HP: 41/41 MP: 5/5
  2248 | D:3      | Noticed Sigmund
  2266 | D:3      | Killed Sigmund
  2267 | D:3      | Reached skill level 6 in Dodging
  2267 | D:3      | Reached XP level 6. HP: 48/48 MP: 6/6
  2564 | D:3      | Identified a scroll of acquirement
  2564 | D:3      | Acquired a manual of Fighting
  2842 | D:4      | Found a white marble altar of Elyvilon.
  3112 | D:4      | Reached skill level 7 in Dodging
  3112 | D:4      | Reached XP level 7. HP: 26/55 MP: 7/7
  3165 | D:4      | Reached skill level 5 in Fighting
  3570 | D:5      | Entered Level 5 of the Dungeon
  3743 | D:5      | Found Pyethron's General Store.
  3748 | D:5      | Bought a +1 leather armour of cold resistance for 154 gold
                  | pieces
  3769 | D:5      | Found a staircase to the Ecumenical Temple.
  3815 | Temple   | Entered the Ecumenical Temple
  3855 | Temple   | Became a worshipper of Zin the Law-Giver
  4299 | D:5      | Reached skill level 8 in Dodging
  4299 | D:5      | Reached skill level 1 in Invocations
  4299 | D:5      | Reached XP level 8. HP: 39/65 MP: 8/8
  4425 | D:5      | Reached * piety under Zin
  4721 | D:5      | Engulfed by a cloud of freezing vapour

Illustrated notes

Levels and vault maps discovered:
D:1:      psy_arrival_whirlpool, layout_loops_corners, serial_shops, shop,
          minmay_tall_x
D:2:      layout_basic, kennysheep_generic_room_7, uniq_robin
D:3:      layout_loops_ring, minmay_misc_feat_diagonals, minmay_vboxes,
          uniq_sigmund
D:4:      layout_basic, elyvilon_altar_4, serial_park_tiny_pond
D:5:      lemuel_ice_spiral_2, layout_basic, minmay_temple_entry_grid,
          nicolae_ossuary_entry_plus, serial_shops, shop, serial_corexii_hall,
          corexii_hall_statues_l, corexii_hall_statues_x,
          chequers_serial_rivers_small_3, st_stairs_14,
          kb_lookout_dungeons_type, mrwooster_statue_mirror,
          minmay_misc_feat_tower
Temple:   nicolae_temple_x_marks_the_god

Skill      XL: |  1  2  3  4  5  6  7 |
---------------+----------------------+-----
Long Blades    | 4 5 6 7 |  7.3
Dodging        | 5 6 7 8 |  8.0
Fighting       | 3 4 6 |  6.4
Invocations    | 1 |  1.2
Throwing       | |  2.0

Action                     |  1- 3 |  4- 6 |  7- 9 || total
---------------------------+-------+-------+-------++-------
  Melee: Long sword        |   122 |   179 |   127 ||   428
         Punch             |     2 |     4 |     3 ||     9
  Throw: Dart              |       |       |     1 ||     1
         Javelin           |       |       |     1 ||     1
    Use: Scroll            |     3 |     6 |     4 ||    13
         Potion            |       |     2 |     2 ||     4
   Stab: Sleeping          |     1 |     3 |     1 ||     5
 Armour: Leather armour    |    23 |    32 |    32 ||    87
  Dodge: Dodged            |    88 |    94 |   135 ||   317
  Block: Other             |    22 |    21 |     4 ||    47
         Reflection        |       |     2 |     3 ||     5
